 Dungeon Crawl Stone Soup version 0.30.0-18-gc0e69614cb (webtiles) character file.

Game seed: 7077574387550249414

142443 zazu2006 the Tortoise (level 17, -3/133 HPs)
             Began as a Gnoll Wanderer on May 23, 2023.
             Was the Champion of Vehumet.
             Slain by a +0 trident of distortion (5 damage)
             ... on level 2 of the Elven Halls.
             The game lasted 01:45:50 (28665 turns).

zazu2006 the Tortoise (Gnoll Wanderer)             Turns: 28665, Time: 01:45:51

Health: -3/133     AC: 34    Str: 22    XL:     17   Next: 35%
Magic:  28/33      EV: 12    Int: 18    God:    Vehumet [******]
Gold:   1747       SH: 10    Dex: 15    Spells: 6/40 levels left

rFire   + . .        k - +1 demon trident (elec)
rCold   . . .        f - +3 buckler of Xahumuil {rF+ Will+}
rNeg    + . .        n - +8 plate armour of the Countless Teeth {*Slow rN+ Dex+3 Slay+2}
rPois   +            F - +2 helmet {Int+3}
rElec   +            l - +1 cloak {Will+}
rCorr   .            x - +0 pair of gloves of Feral Contentment {Fly rElec SInv}
SInv    +            T - +0 pair of boots
Will    +++..        g - amulet of regeneration
Stlth   +            t - ring of poison resistance
HPRegen 0.00/turn    u - +6 ring of strength
MPRegen 0.23/turn

%: slow self (1%)
@: sick, flying
A: fangs 1, strong nose, distributed training
a: Renounce Religion


You were on level 2 of the Elven Halls.
You worshipped Vehumet.
Vehumet was exalted by your worship.
You visited 5 branches of the dungeon, and saw 25 of its levels.
You visited the Abyss 1 time.
You visited 2 bazaars.
You also visited: Bailey and Gauntlet.

You collected 3053 gold pieces.
You spent 1306 gold pieces at shops.

Inventory:

Hand Weapons
 k - a +1 demon trident of electrocution (weapon)
 E - a +3 trident of freezing
Missiles
 B - 2 throwing nets (quivered)
Armour
 e - a +2 pair of gloves of strength
 f - the +3 buckler of Xahumuil (worn) {rF+ Will+}
   (You acquired it in a bailey)

   rF:        It protects you from fire.
   Will:      It increases your willpower.
 l - a +1 cloak of willpower (worn)
 n - the +8 plate armour of the Countless Teeth (worn) {*Slow rN+ Dex+3 Slay+2}
   (You found it on level 2 of the Dungeon)

   Dex:       It affects your dexterity (+3).
   Slay:      It affects your accuracy & damage with ranged weapons and melee
   (+2).
   rN:        It protects you from negative energy.
   *Slow:     It may slow you when you take damage.
 x - the +0 pair of gloves of Feral Contentment (worn) {Fly rElec SInv}
   (You acquired it on level 1 of the Elven Halls)

   rElec:     It insulates you from electricity.
   SInv:      It lets you see invisible.
   Fly:       It grants you flight.
 F - a +2 helmet of intelligence (worn)
 T - a +0 pair of boots (worn)
Jewellery
 b - a ring of flight
 g - an amulet of regeneration (around neck)
 o - a ring of fire
 t - a ring of poison resistance (left hand)
 u - a +6 ring of strength (right hand)
 v - a ring of see invisible
 C - a +6 ring of dexterity
Wands
 j - a wand of paralysis (7)
 y - a wand of roots (7)
 P - a wand of flame (19)
 R - a wand of light (17)
Scrolls
 c - 6 scrolls of identify
 q - 5 scrolls of teleportation
 r - a scroll of butterflies
 s - 3 scrolls of magic mapping
 A - 2 scrolls of fear
 I - 4 scrolls of fog
 K - 4 scrolls of poison
 Y - 2 scrolls of blinking
Potions
 a - a potion of cancellation {unknown}
 d - 2 potions of haste
 h - 5 potions of lignification
 i - 4 potions of flight
 m - 21 potions of curing
 z - 11 potions of attraction
 J - 5 potions of resistance
 Z - 2 potions of brilliance


   Skills:
 + Level 12.3 Fighting
 + Level 12.0 Short Blades
 + Level 12.0 Long Blades
 + Level 12.0 Axes
 + Level 12.0 Maces & Flails
 + Level 12.0 Polearms
 + Level 13.5 Staves
 + Level 12.0 Ranged Weapons
 + Level 12.0 Throwing
 + Level 15.5 Armour
 + Level 12.3 Dodging
 + Level 12.0 Stealth
 + Level 12.0 Shields
 + Level 12.0 Unarmed Combat
 + Level 12.0 Spellcasting
 + Level 10.1 Conjurations
 + Level 10.1 Hexes
 + Level 10.1 Summonings
 + Level 10.1 Necromancy
 + Level 10.1 Translocations
 + Level 10.1 Transmutations
 + Level 10.1 Fire Magic
 + Level 10.1 Ice Magic
 + Level 10.1 Air Magic
 + Level 10.1 Earth Magic
 + Level 10.1 Poison Magic
 + Level 13.0 Invocations
 + Level 12.0 Evocations


You had 6 spell levels left.
You knew the following spells:

 Your Spells              Type           Power      Damage    Failure   Level
a - Stone Arrow           Conj/Erth      94%        3d12      1%          3
b - Mephitic Cloud        Conj/Pois/Air  47%        N/A       1%          3
c - Iskenderun's Battles  Conj           47%        2d10      8%          5
d - Dazzling Flash        Conj/Hex       94%        N/A       1%          3
e - Poisonous Vapours     Pois/Air       94%        N/A       1%          2
f - Blink                 Tloc           94%        N/A       1%          2
g - Iron Shot             Conj/Erth      23%        9d5       36%         6
h - Fireball              Conj/Fire      23%        3d11      8%          5
i - Lee's Rapid Deconstr  Erth           23%        3d13*     8%          5

Your spell library contained the following spells:

 Spells                   Type           Power      Damage    Failure   Level
 Lehudib's Crystal Spear  Conj/Erth      23%        10d7      100%        8
 Apportation              Tloc           94%        N/A       1%          1
 Necrotise                Necr           100%       1d9       1%          1
 Sandblast                Erth           94%        2d19      1%          1
 Shock                    Conj/Air       100%       1d9       1%          1
 Slow                     Hex            100%       N/A       1%          1
 Summon Small Mammal      Summ           100%       N/A       1%          1
 Momentum Strike          Conj/Tloc      94%        3d10      1%          2
 Passwall                 Tmut/Erth      39%        N/A       1%          2
 Hailstorm                Conj/Ice       47%        3d11      1%          3
 Airstrike                Air            23%        2d(4-20)  2%          4
 Call Canine Familiar     Summ           47%        N/A       3%          3
 Confusing Touch          Hex            47%        N/A       3%          3
 Gell's Gravitas          Tloc           47%        N/A       3%          3
 Summon Guardian Golem    Hex/Summ       47%        N/A       3%          3
 Swiftness                Air            47%        N/A       3%          3
 Vampiric Draining        Necr           47%        2d9       3%          3
 Vhi's Electric Charge    Tloc/Air       94%        N/A       3%          3
 Arcjolt                  Conj/Air       23%        1d33      8%          5
 Freezing Cloud           Conj/Ice/Air   23%        6-21      8%          5
 Anguish                  Hex/Necr       23%        N/A       10%         4
 Ice Form                 Ice/Tmut       47%        N/A       10%         4
 Leda's Liquefaction      Hex/Erth       23%        N/A       10%         4
 Manifold Assault         Tloc           47%        N/A       10%         4
 Agony                    Necr           47%        N/A       28%         5
 Silence                  Hex/Air        23%        N/A       28%         5
 Plasma Beam              Fire/Air       23%        2x1d39    36%         6
 Starburst                Conj/Fire      23%        6d8       36%         6
 Simulacrum               Ice/Necr       23%        N/A       83%         6
 Statue Form              Tmut/Erth      31%        N/A       83%         6
 Orb of Destruction       Conj           23%        9d8       88%         7
 Spellforged Servitor     Conj/Summ      23%        N/A       88%         7
 Storm Form               Tmut/Air       23%        N/A       100%        7
 Discord                  Hex            23%        N/A       100%        8
 Disjunction              Tloc           23%        N/A       100%        8


Dungeon Overview and Level Annotations

Branches:
Dungeon (15/15)            Temple (1/1) D:6            Lair (5/5) D:10
 Shoals (0/4) Lair:2        Snake (0/4) Lair:3        Slime (0/5) Lair:5
    Orc (2/2) D:10            Elf (2/3) Orc:2        Vaults (0/5) D:13
 Depths (0/4) D:15         Bailey (visited)         Gauntlet (visited)

Altars:
Ashenzari
Cheibriados
Dithmenos
Elyvilon
Fedhas
Gozag
Hepliaklqana
Kikubaaqudgha
Makhleb
Nemelex Xobeh
Okawaru
Qazlal
Ru
Sif Muna
Trog
Uskayaw
Vehumet
Wu Jian
Xom
Yredelemnul
Zin
The Shining One
Jiyva

Shops:
Orc:2 **!=*

Annotations:
D:12 1 runed translucent door, gebbletook2's ghost, journeyman VSFi
Lair:5 1 runed translucent door
Elf:2 3 runed translucent doors


Innate Abilities, Weirdness & Mutations

You have very sharp teeth.
Your uncanny sense of smell can sniff out nearby items.
Your experience applies equally to all skills.


Message History

The deep elf zephyrmancer blinks!
You hear a shout!
Casting: Mephitic Cloud (safe; 1% risk of failure)
Confirm with . or Enter, or press ? or * to list all spells.
Aiming: Mephitic Cloud (safe; 1% risk of failure)
Press: ? - help, Shift-Dir - straight line The ball explodes into a vile cloud!
The stinking cloud engulfs the deep elf knight but does no damage.
The deep elf knight is engulfed in noxious fumes.
The deep elf knight appears confused.
The +0 trident of distortion hits you from afar.
* * * LOW HITPOINT WARNING * * *
Space warps around you.
* * * LOW HITPOINT WARNING * * *
Unknown command.
Casting: Mephitic Cloud (safe; 1% risk of failure)
Confirm with . or Enter, or press ? or * to list all spells.
Aiming: Mephitic Cloud (safe; 1% risk of failure)
Press: ? - help, Shift-Dir - straight line Out of range.
Okay, then.
The deep elf knight is engulfed in noxious fumes.
The deep elf knight appears confused.
The deep elf zephyrmancer is engulfed in noxious fumes.
Casting: Mephitic Cloud (safe; 1% risk of failure)
Confirm with . or Enter, or press ? or * to list all spells.
Aiming: Mephitic Cloud (safe; 1% risk of failure)
Press: ? - help, Shift-Dir - straight line The ball explodes into a vile cloud!
The stinking cloud engulfs the deep elf zephyrmancer but does no damage.
You block the +0 trident of distortion's attack.
A deep elf zephyrmancer comes into view.
It is wielding a +0 short sword.
The deep elf zephyrmancer is engulfed in noxious fumes.
The deep elf zephyrmancer gestures at you while chanting.
The bolt of lightning hits you! You resist.
* * * LOW HITPOINT WARNING * * *
The +0 trident of distortion hits you from afar.
* * * LOW HITPOINT WARNING * * *
Space warps around you.
You die...

............# #...#
............# #...#
............# ##...##
............####.....###
............##.........##
.☼.○........#...........#
.☼.○../.....#...#####)..#
.ee☼..[........##...##...
.ee☼☼...@......#.....#...
..§☼☼..........#.....#...
........(......#.....#...
..............[##...##...
................##'##....
.................)..)..).
......................)..
.?.......................
###'##########'#######'##


You could see 2 deep elf knights, 2 deep elf zephyrmancers and a +0 trident of
distortion.

Vanquished Creatures
  Jorgrun (Elf:1)
  Donald (Orc:2)
  An Executioner (Abyss:3)
  Roxanne (D:14)
  A deep elf sorcerer (Elf:1)
  Louise (Elf:1)
  An angel (Abyss:3)
  A stone giant (D:15)
  A deep elf annihilator (Elf:1)
  A minotaur (Gauntlet)
  A fire dragon (Lair:5)
  An ettin (Orc:1)
  5 hydras
  3 boulder beetles
  2 ogre magi (Orc:2)
  7 centaur warriors
  A death knight (D:14)
  14 dancing weapons
  A radroach (shapeshifter) (D:13)
  8 two-headed ogres
  7 orc high priests
  2 tengu warriors (D:15)
  6 death yaks (Lair:4)
  A sun demon (Abyss:3)
  A thrashing horror (Abyss:4)
  Urug (Orc:2)
  A skyshark (Lair:3)
  Nergalle (D:10)
  8 deep elf knights
  A fire crab (Lair:3)
  A skeletal warrior (D:13)
  A swamp dragon (Lair:5)
  3 deep trolls
  14 deep elf pyromancers
  5 deep elf archers
  3 wizards (Gauntlet)
  2 necromancers
  4 orc knights
  An ugly thing (D:13)
  18 deep elf zephyrmancers
  4 orc sorcerers
  3 manticores
  4 cyclopes
  9 elephants
  6 black mambas
  2 smoke demons (Abyss:4)
  A water nymph (Lair:2)
  A torpor snail (Lair:5)
  Joseph (D:8)
  A cane toad (shapeshifter) (D:15)
  9 cane toads
  2 centaur skeletons (D:13)
  A freezing wraith (D:14)
  3 gargoyles
  Maggie (D:9)
  4 rime drakes
  5 komodo dragons
  An efreet (D:13)
  Psyche (D:8)
  A tengu conjurer (D:15)
  4 kobold demonologists
  5 yaktaurs
  11 trolls
  An ancient zyme (Abyss:4)
  12 polar bears
  A tarantella (shapeshifter) (Elf:2)
  2 hornets
  40 blink frogs
  3 shadows
  9 raiju
  A culicivora (shapeshifter) (Elf:1)
  5 water elementals
  2 wraiths
  6 wyverns
  3 air elementals (Elf:1)
  2 steam dragons
  Grum (D:8)
  3 fire elementals
  38 yaks
  5 basilisks
  7 vampire mosquitoes
  13 wargs
  6 acid dragons
  A two-headed ogre zombie (D:10)
  14 water moccasins
  13 hell hounds (Lair:5)
  28 orc warriors
  An ice beast (D:6)
  A swamp drake (Lair:5)
  15 black bears
  2 sky beasts
  4 large abominations
  16 ogres
  41 wolves
  21 centaurs
  4 boggarts (Lair:5)
  2 phantoms
  A kobold brigand (D:7)
  Blork the orc (D:6)
  5 earth elementals
  17 bullfrogs
  A wyvern zombie (D:7)
  A gnoll sergeant (D:10)
  5 scorpions
  9 wights
  A hornet simulacrum (D:14)
  3 troll zombies (D:10)
  9 killer bees
  7 electric eels
  2 howler monkeys
  2 lava snakes (D:10)
  3 hounds
  A jelly (D:4)
  10 orc priests
  6 starcursed masses (Abyss:3)
  17 orc wizards
  13 iguanas
  3 sleepcaps
  A lightning spire (Gauntlet)
  4 ogre zombies (D:10)
  A howler monkey zombie (D:7)
  10 gnolls
  11 river rats (D:6)
  9 adders
  4 shadow imps
  5 white imps
  4 ufetubi
  2 worms
  3 dart slugs
  58 orcs
  4 endoplasms
  4 giant cockroaches
  13 goblins
  13 hobgoblins
  9 jackals
  10 quokkas
  12 ball pythons
  2 bats
  2 frilled lizards
  2 goblin skeletons (D:10)
  2 goblin zombies (D:10)
  A hobgoblin skeleton (D:10)
  3 hobgoblin zombies (D:10)
  15 kobolds
  4 orc skeletons (D:10)
  13 orc zombies (D:10)
  19 rats
894 creatures vanquished.

Vanquished Creatures (collateral kills)
  A queen bee (Gauntlet)
  A small abomination (Abyss:3)
2 creatures vanquished.

Vanquished Creatures (others)
  A deep elf knight (Elf:1)
  2 centaur skeletons (D:13)
  An electric eel (Lair:2)
  A gnoll (Bailey)
  3 goblins (Bailey)
8 creatures vanquished.

Grand Total: 904 creatures vanquished

Notes
Turn   | Place    | Note
-------+----------+-------------------------------------------
     0 | D:1      | Reached skill level 10 in Armour
     0 | D:1      | zazu2006 the Gnoll Wanderer began the quest for the Orb.
     0 | D:1      | zazu2006 set off with the following items: a +0
                  | quarterstaff, a +2 scale mail, a scroll of silence, a
                  | potion of haste.
     0 | D:1      | Reached XP level 1. HP: 17/17 MP: 1/1
   187 | D:1      | Found a faded altar of an unknown god.
   212 | D:1      | Reached XP level 2. HP: 18/23 MP: 2/2
   756 | D:2      | Reached XP level 3. HP: 28/28 MP: 2/4
   816 | D:2      | Reached skill level 1 in Invocations
  1023 | D:2      | Reached skill level 1 in Short Blades
  1023 | D:2      | Reached skill level 1 in Long Blades
  1023 | D:2      | Reached skill level 1 in Axes
  1023 | D:2      | Reached skill level 1 in Maces & Flails
  1023 | D:2      | Reached skill level 1 in Polearms
  1023 | D:2      | Reached skill level 1 in Ranged Weapons
  1023 | D:2      | Reached skill level 1 in Throwing
  1023 | D:2      | Reached skill level 1 in Stealth
  1023 | D:2      | Reached skill level 1 in Shields
  1023 | D:2      | Reached skill level 1 in Unarmed Combat
  1023 | D:2      | Reached skill level 1 in Spellcasting
  1023 | D:2      | Reached skill level 1 in Evocations
  1048 | D:2      | Noticed a scorpion
  1054 | D:2      | Killed a scorpion
  1055 | D:2      | Reached skill level 1 in Conjurations
  1055 | D:2      | Reached skill level 1 in Hexes
  1055 | D:2      | Reached skill level 1 in Summonings
  1055 | D:2      | Reached skill level 1 in Necromancy
  1055 | D:2      | Reached skill level 1 in Translocations
  1055 | D:2      | Reached skill level 1 in Transmutations
  1055 | D:2      | Reached skill level 1 in Fire Magic
  1055 | D:2      | Reached skill level 1 in Ice Magic
  1055 | D:2      | Reached skill level 1 in Air Magic
  1055 | D:2      | Reached skill level 1 in Earth Magic
  1055 | D:2      | Reached skill level 1 in Poison Magic
  1055 | D:2      | Reached XP level 4. HP: 34/34 MP: 4/6
  1060 | D:2      | Identified the +8 plate armour of the Countless Teeth
                  | {*Slow rN+ Dex+3 Slay+2}
  1235 | D:2      | Reached XP level 5. HP: 40/40 MP: 7/7
  1591 | D:3      | Found a hazy altar of Hepliaklqana.
  1742 | D:3      | Found a blossoming altar of Fedhas.
  1791 | D:3      | Found a bloodstained altar of Trog.
  2461 | D:4      | Reached XP level 6. HP: 44/47 MP: 8/8
  2555 | D:4      | Noticed a black bear
  2567 | D:4      | Killed a black bear
  2595 | D:4      | Reached XP level 7. HP: 28/52 MP: 10/10
  2983 | D:5      | Entered Level 5 of the Dungeon
  3641 | D:5      | Found a stormy altar of Qazlal.
  3703 | D:5      | Found a sparkling altar of Nemelex Xobeh.
  3839 | D:5      | Reached XP level 8. HP: 60/60 MP: 12/12
  3923 | D:6      | Found a staircase to the Ecumenical Temple.
  3933 | Temple   | Entered the Ecumenical Temple
  4011 | Temple   | Became a worshipper of Vehumet
  4469 | D:6      | Reached skill level 11 in Armour
  4642 | D:6      | Noticed Blork the orc
  4653 | D:6      | Killed Blork the orc
  4705 | D:6      | Reached * piety under Vehumet
  4705 | D:6      | Offered knowledge of Shock by Vehumet.
  4978 | D:6      | Found a shadowy altar of Dithmenos.
  5291 | D:7      | Found a sacrificial altar of Ru.
  5392 | D:7      | Reached ** piety under Vehumet
  5392 | D:7      | Offered knowledge of Static Discharge by Vehumet.
  5440 | D:7      | Found a flagged portal.
  5455 | Bailey   | Entered a bailey
  5516 | Bailey   | Reached XP level 9. HP: 58/66 MP: 14/14
  5647 | Bailey   | Noticed an orc knight
  5672 | Bailey   | Killed an orc knight
  5673 | Bailey   | Reached skill level 5 in Fighting
  5673 | Bailey   | Reached skill level 5 in Dodging
  5958 | Bailey   | Reached skill level 5 in Invocations
  5958 | Bailey   | Noticed an orc knight
  5973 | Bailey   | Found an iron altar of Okawaru.
  5973 | Bailey   | Noticed a kobold demonologist
  5973 | Bailey   | Noticed an orc sorcerer
  5973 | Bailey   | Identified the +0 ring mail "Ulicwe Ikor" {-Cast rF+++
                  | Regen+ MP-9}
  5977 | Bailey   | Noticed an orc knight
  5981 | Bailey   | Noticed a soul eater
  5998 | Bailey   | Killed an orc sorcerer
  6004 | Bailey   | Noticed an ice devil
  6011 | Bailey   | Killed an orc knight
  6012 | Bailey   | Reached skill level 5 in Short Blades
  6012 | Bailey   | Reached skill level 5 in Long Blades
  6012 | Bailey   | Reached skill level 5 in Axes
  6012 | Bailey   | Reached skill level 5 in Maces & Flails
  6012 | Bailey   | Reached skill level 5 in Polearms
  6012 | Bailey   | Reached skill level 5 in Ranged Weapons
  6012 | Bailey   | Reached skill level 5 in Throwing
  6012 | Bailey   | Reached skill level 5 in Stealth
  6012 | Bailey   | Reached skill level 5 in Shields
  6012 | Bailey   | Reached skill level 5 in Unarmed Combat
  6012 | Bailey   | Reached skill level 5 in Spellcasting
  6012 | Bailey   | Reached skill level 5 in Evocations
  6012 | Bailey   | Reached XP level 10. HP: 48/76 MP: 17/17
  6016 | Bailey   | Killed a kobold demonologist
  6202 | Bailey   | Offered knowledge of Poisonous Vapours by Vehumet.
  6206 | Bailey   | Learned a level 2 spell: Poisonous Vapours
  6299 | Bailey   | Killed an orc knight
  6617 | Bailey   | Got the Codex of the Door
  6838 | Bailey   | Acquired a +2 pair of gloves of strength
  6845 | Bailey   | Acquired the +3 buckler of Xahumuil {rF+ Will+}
  6878 | D:7      | Reached *** piety under Vehumet
  7185 | D:7      | Offered knowledge of Mephitic Cloud by Vehumet.
  7201 | D:7      | Learned a level 3 spell: Mephitic Cloud
  7371 | D:7      | Found a basalt altar of Yredelemnul.
  7491 | D:7      | Found an opulent altar of Gozag.
  7491 | D:7      | Found a burning altar of Makhleb.
  7492 | D:7      | Found a shimmering blue altar of Sif Muna.
  8094 | D:8      | Noticed Joseph
  8122 | D:8      | Killed Joseph
  8123 | D:8      | Reached skill level 12 in Armour
  8123 | D:8      | Reached skill level 5 in Conjurations
  8123 | D:8      | Reached skill level 5 in Hexes
  8123 | D:8      | Reached skill level 5 in Summonings
  8123 | D:8      | Reached skill level 5 in Necromancy
  8123 | D:8      | Reached skill level 5 in Translocations
  8123 | D:8      | Reached skill level 5 in Transmutations
  8123 | D:8      | Reached skill level 5 in Fire Magic
  8123 | D:8      | Reached skill level 5 in Ice Magic
  8123 | D:8      | Reached skill level 5 in Air Magic
  8123 | D:8      | Reached skill level 5 in Earth Magic
  8123 | D:8      | Reached skill level 5 in Poison Magic
  8123 | D:8      | Reached XP level 11. HP: 55/83 MP: 18/20
  8385 | D:8      | Noticed Psyche
  8402 | D:8      | Killed Psyche
  8416 | D:8      | Noticed Grum
  8423 | D:8      | Killed Grum
  8528 | D:8      | Found an ancient bone altar of Kikubaaqudgha.
  8528 | D:8      | Found a glowing golden altar of the Shining One.
  8529 | D:8      | Found a broken altar of Ashenzari.
  8740 | D:9      | Noticed Maggie
  8757 | D:9      | Reached **** piety under Vehumet
  8774 | D:9      | Killed Maggie
  9250 | D:9      | Offered knowledge of Freezing Cloud by Vehumet.
  9295 | D:9      | Found a hide-covered altar of Uskayaw.
  9645 | D:10     | Entered Level 10 of the Dungeon
  9928 | D:10     | Reached ***** piety under Vehumet
  9962 | D:10     | Offered knowledge of Iskenderun's Battlesphere by Vehumet.
 10131 | D:10     | Found a staircase to the Lair.
 10482 | D:10     | Found a staircase to the Orcish Mines.
 11093 | D:10     | Reached XP level 12. HP: 53/91 MP: 22/22
 11249 | D:10     | Learned a level 5 spell: Iskenderun's Battlesphere
 11360 | Orc:1    | Entered Level 1 of the Orcish Mines
 11397 | Orc:1    | Noticed Nergalle
 11483 | D:10     | Killed Nergalle
 11800 | Orc:1    | Noticed an orc high priest
 11819 | Orc:1    | Killed an orc high priest
 11880 | Orc:1    | Reached skill level 10 in Staves
 12303 | Orc:2    | Entered Level 2 of the Orcish Mines
 12337 | Orc:2    | Noticed a two-headed ogre
 12351 | Orc:2    | Killed a two-headed ogre
 12386 | Orc:2    | Noticed a two-headed ogre
 12393 | Orc:2    | Killed a two-headed ogre
 12398 | Orc:2    | Noticed Donald
 12406 | Orc:2    | Noticed a two-headed ogre
 12406 | Orc:2    | Noticed a two-headed ogre
 12406 | Orc:2    | Noticed a two-headed ogre
 12410 | Orc:2    | Noticed an ogre mage
 12413 | Orc:2    | Found Sount's Distillery.
 12413 | Orc:2    | Found Coga Zuame's General Store.
 12413 | Orc:2    | Found Pirokuc's Jewellery Emporium.
 12413 | Orc:2    | Noticed a two-headed ogre
 12413 | Orc:2    | Killed a two-headed ogre
 12414 | Orc:2    | Noticed an ettin
 12415 | Orc:2    | Noticed an ogre mage
 12425 | Orc:2    | Found a flickering gateway to a bazaar.
 12433 | Bazaar   | Entered a bazaar
 12601 | Bazaar   | Found Cooxt's Antique Armour Boutique.
 12623 | Bazaar   | Found Amex's Magic Scroll Emporium.
 12628 | Bazaar   | Bought a scroll of identify for 22 gold pieces
 12646 | Bazaar   | Found Zippyefa's Armour Boutique.
 12666 | Bazaar   | Found Enesmouj's Antique Armour Shoppe.
 12723 | Bazaar   | Bought a +1 cloak of willpower for 198 gold pieces
 12736 | Bazaar   | Bought a +2 helmet of intelligence for 258 gold pieces
 12762 | Bazaar   | Bought a scroll of identify for 22 gold pieces
 12762 | Bazaar   | Bought a scroll of identify for 22 gold pieces
 12762 | Bazaar   | Bought a scroll of identify for 22 gold pieces
 12765 | Bazaar   | Bought a scroll of enchant armour for 82 gold pieces
 12780 | Bazaar   | Bought a pair of runed gloves for 157 gold pieces
 12821 | Orc:2    | Found Biynilixt's Overcharged Wands.
 12832 | Orc:2    | Killed a two-headed ogre
 12833 | Orc:2    | Reached skill level 13 in Armour
 12882 | Orc:2    | Killed a two-headed ogre
 12884 | Orc:2    | Reached XP level 13. HP: 44/99 MP: 11/25
 13132 | D:11     | Found a flickering gateway to a bazaar.
 13143 | Bazaar   | Entered a bazaar
 13157 | Bazaar   | Found Plog's Weapon Emporium.
 13173 | Bazaar   | Found Opperir's Assorted Antiques.
 13189 | Bazaar   | Found Attifoniu's Antique Armour Shoppe.
 13189 | Bazaar   | Found Molog's Magic Scroll Emporium.
 13194 | Bazaar   | Bought a scroll of identify for 20 gold pieces
 13194 | Bazaar   | Bought a scroll of identify for 20 gold pieces
 13233 | Bazaar   | Bought a scroll of enchant weapon for 75 gold pieces
 13233 | Bazaar   | Bought a scroll of amnesia for 40 gold pieces
 13233 | Bazaar   | Bought a scroll of poison for 40 gold pieces
 13233 | Bazaar   | Bought a scroll of poison for 40 gold pieces
 13398 | D:11     | Learned a level 3 spell: Dazzling Flash
 14306 | D:12     | Found a runed translucent door.
 14308 | D:12     | Identified the +6 spear "Pethus" {heavy, rPois Dex+3}
 14309 | D:12     | Noticed gebbletook2's ghost (journeyman VSFi)
 15273 | D:12     | Offered knowledge of Ozocubu's Refrigeration by Vehumet.
 15543 | D:13     | Found a gate to the Vaults.
 16524 | D:13     | Reached skill level 10 in Invocations
 16524 | D:13     | Reached XP level 14. HP: 108/108 MP: 27/27
 16770 | Lair:1   | Entered Level 1 of the Lair of Beasts
 17852 | Lair:2   | Offered knowledge of Yara's Violent Unravelling by Vehumet.
 17973 | Lair:2   | Reached skill level 10 in Fighting
 17973 | Lair:2   | Reached skill level 10 in Dodging
 18728 | Lair:3   | Reached skill level 14 in Armour
 18992 | Lair:3   | Found a staircase to the Snake Pit.
 19025 | Lair:3   | Learned a level 3 spell: Stone Arrow
 19645 | Lair:4   | Found a gate leading to a gauntlet.
 19677 | Gauntlet | Entered a Gauntlet
 19677 | Gauntlet | Found a transporter.
 19686 | Gauntlet | Found a transporter.
 19689 | Gauntlet | Found a transporter.
 19690 | Gauntlet | Found a transporter.
 19701 | Gauntlet | Found a transporter.
 19701 | Gauntlet | Found a transporter.
 19702 | Gauntlet | Found a transporter.
 19712 | Gauntlet | Found a transporter.
 19714 | Gauntlet | Found a transporter.
 19715 | Gauntlet | Found a transporter.
 19721 | Gauntlet | Found a runed translucent gate.
 19721 | Gauntlet | Found a runed translucent gate.
 19722 | Gauntlet | Found a runed translucent gate.
 19723 | Gauntlet | Found a transporter.
 19726 | Gauntlet | Found a transporter.
 19727 | Gauntlet | Found a transporter.
 19738 | Gauntlet | Found a transporter.
 19861 | Gauntlet | Learned a level 2 spell: Blink
 20066 | Gauntlet | Offered knowledge of Conjure Ball Lightning by Vehumet.
 20144 | Gauntlet | Reached skill level 10 in Short Blades
 20144 | Gauntlet | Reached skill level 10 in Long Blades
 20144 | Gauntlet | Reached skill level 10 in Axes
 20144 | Gauntlet | Reached skill level 10 in Maces & Flails
 20144 | Gauntlet | Reached skill level 10 in Polearms
 20144 | Gauntlet | Reached skill level 10 in Ranged Weapons
 20144 | Gauntlet | Reached skill level 10 in Throwing
 20144 | Gauntlet | Reached skill level 10 in Stealth
 20144 | Gauntlet | Reached skill level 10 in Shields
 20144 | Gauntlet | Reached skill level 10 in Unarmed Combat
 20144 | Gauntlet | Reached skill level 10 in Spellcasting
 20144 | Gauntlet | Reached skill level 10 in Evocations
 20188 | Gauntlet | Identified the +5 war axe of Untruth {flame, SInv}
 20188 | Gauntlet | Identified the +2 tower shield of Ibufavyi {Harm Rampage
                  | Int+6 Dex-3}
 20234 | Gauntlet | Identified the +0 steam dragon scales of Lulod {Regen+}
 20235 | Gauntlet | Got the Incunabulum of Blows
 20394 | Lair:4   | Reached XP level 15. HP: 117/117 MP: 20/29
 21350 | Lair:5   | Entered Level 5 of the Lair of Beasts
 21442 | Lair:5   | Reached ****** piety under Vehumet
 21442 | Lair:5   | Offered knowledge of Iron Shot by Vehumet.
 21450 | Lair:5   | Learned a level 6 spell: Iron Shot
 21468 | Lair:5   | Found a runed translucent door.
 21468 | Lair:5   | Found a viscous altar of Jiyva.
 21473 | Lair:5   | Found a staircase to the Slime Pits.
 21473 | Lair:5   | Noticed an acid blob
 22106 | Lair:5   | Got the Omnibus of the Planar Evil Eye
 22438 | Lair:5   | Offered knowledge of Fireball by Vehumet.
 23091 | Orc:2    | Noticed Urug
 23112 | Orc:2    | Killed Urug
 23188 | Orc:2    | Found a staircase to the Elven Halls.
 23308 | Orc:1    | Learned a level 5 spell: Fireball
 23423 | Orc:2    | Found Kauci's Assorted Antiques.
 23431 | Orc:2    | Bought a scroll labelled PEFAVA POKK for 21 gold pieces
 23431 | Orc:2    | Bought a green potion for 18 gold pieces
 23461 | Orc:2    | Bought 2 scrolls of teleportation for 84 gold pieces
 23473 | Orc:2    | Bought 2 potions of heal wounds for 110 gold pieces
 23473 | Orc:2    | Bought a potion of heal wounds for 55 gold pieces
 23718 | Orc:2    | Killed Donald
 23719 | Orc:2    | Reached XP level 16. HP: 97/125 MP: 18/30
 24458 | D:14     | Noticed Roxanne
 24483 | D:14     | Killed Roxanne
 25015 | D:15     | Entered Level 15 of the Dungeon
 25284 | D:15     | Found a staircase to the Depths.
 25504 | D:15     | Reached skill level 15 in Armour
 25958 | Elf:1    | Entered Level 1 of the Elven Halls
 26506 | Elf:1    | Learned a level 5 spell: Lee's Rapid Deconstruction
 26836 | Elf:1    | Paralysed by an air elemental for 1 turns
 26841 | Elf:1    | Paralysed by an air elemental for 1 turns
 26861 | Elf:1    | Acquired the +0 pair of gloves of Feral Contentment {Fly
                  | rElec SInv}
 26885 | Elf:1    | Paralysed by an air elemental for 1 turns
 26887 | Elf:1    | Paralysed by an air elemental for 1 turns
 26893 | Elf:1    | Paralysed by an air elemental for 1 turns
 27078 | Elf:1    | Noticed Jorgrun
 27094 | Elf:1    | Killed Jorgrun
 27094 | Elf:1    | Offered knowledge of Lehudib's Crystal Spear by Vehumet.
 27156 | Elf:1    | Noticed Louise
 27167 | Elf:1    | Killed Louise
 27494 | Elf:1    | Reached XP level 17. HP: 30/133 MP: 11/32
 28029 | Elf:2    | Reached skill level 10 in Conjurations
 28029 | Elf:2    | Reached skill level 10 in Hexes
 28029 | Elf:2    | Reached skill level 10 in Summonings
 28029 | Elf:2    | Reached skill level 10 in Necromancy
 28029 | Elf:2    | Reached skill level 10 in Translocations
 28029 | Elf:2    | Reached skill level 10 in Transmutations
 28029 | Elf:2    | Reached skill level 10 in Fire Magic
 28029 | Elf:2    | Reached skill level 10 in Ice Magic
 28029 | Elf:2    | Reached skill level 10 in Air Magic
 28029 | Elf:2    | Reached skill level 10 in Earth Magic
 28029 | Elf:2    | Reached skill level 10 in Poison Magic
 28110 | Elf:2    | Found a runed translucent gate.
 28110 | Elf:2    | Found a runed translucent gate.
 28110 | Elf:2    | Found a runed translucent gate.
 28155 | Abyss:3  | Cast into level 3 of the Abyss (+0 trident of distortion)
 28204 | Abyss:3  | Paralysed by accursed screaming for 1 turns
 28302 | Abyss:3  | Noticed an Executioner
 28319 | Abyss:3  | Killed an Executioner
 28462 | Abyss:4  | Noticed a tentacled starspawn
 28662 | Elf:2    | Escaped the Abyss
 28665 | Elf:2    | HP: 3/133 [deep elf zephyrmancer/bolt of lightning (9)]
 28665 | Elf:2    | Slain by a +0 trident of distortion

Illustrated notes

Levels and vault maps discovered:
D:1:      dpeg_arrival_triangle_fractal, layout_loops_cross, serial_rivers,
          chequers_serial_rivers_micro_b, chequers_serial_rivers_micro_a,
          chequers_serial_rivers_large_b, chequers_serial_rivers_micro_b,
          hellmonk_ecumenical_altar_blasted
D:2:      layout_loops_ring, kennysheep_generic_room_11
D:3:      layout_basic, nicolae_hepliaklqana_hazy_memory,
          mainiacjoe_overflow_cross_hatched, fedhas_altar_2
D:4:      layout_cave_pools
D:5:      layout_basic, nemelex_altar_shiori, nicolae_qazlal_beasts_of_the_sky
D:6:      lemuel_ratsnest, layout_layer_cave, kennysheep_mini,
          minmay_temple_entry_overgrown, uniq_blork_the_orc
D:7:      layout_gridville, lemuel_zombie_altar_yredelemnul,
          mainiacjoe_overflow_catwalk, gammafunk_temple_overflow_claw,
          enter_bailey_2, hangedman_decor_slide_cut, minmay_starry_boxes
D:8:      layout_rooms, chequers_temple_overflow_statue_of_worship,
          david_defended_altar_orc, uniq_grum, uniq_joseph, uniq_psyche
D:9:      layout_loops_cross, kennysheep_little_box, uniq_maggie
D:10:     layout_rooms, minmay_lair_entry_grove, zombieorc2_lemuel,
          kennysheep_cross_bottleneck, kennysheep_generic_room_14
D:11:     layout_basic, serial_shops, bzr_in_the_mist, minivault_25
D:12:     layout_loops_corners, ebering_ghost_funeral_grove
D:13:     layout_rooms, hangedman_vaults_entry_quadrant_bands,
          minmay_misc_feat_plants, kennysheep_small_spiral
D:14:     layout_basic, infiniplex_staircase_9_rooms, uniq_roxanne
D:15:     hangedman_depths_entry_civil_slaughter, layout_long_grid,
          dreamdust_princess_corridor
Temple:   nicolae_temple_great_sept
Lair:1:   layout_roguey
Lair:2:   layout_cave_pods, nicolae_shoals_entry_flooding, lemuel_fruit_tree,
          serial_bayou_shore_a, infiniplex_staircase_pool, lemuel_fruit_fields
Lair:3:   layout_big_grid, minmay_snake_entry_six_corridors
Lair:4:   layout_hall_layers, gauntlet_entry_generic
Lair:5:   guppyfry_lair_end_dragon, layout_hall_layers,
          hangedman_lair_caniforms_friends, slime_entry_2,
          kilobyte_rumbling_trees
Orc:1:    layout_caves, basic_altar, mines5_lemuel, uniq_nergalle
Orc:2:    st_orc_open, layout_caves, serial_shops, bzr_entry_gold, basic_altar,
          nicolae_shop_overcharged_wands, uniq_donald, uniq_urug
Elf:1:    nicolae_elf_arrival_no_cutting_in_line, layout_geoelf_grid,
          minmay_elf_crystal_hexagon, dreamdust_wishing_well, uniq_jorgrun,
          uniq_louise
Elf:2:    elven_hall_of_blades_hangedman_original
          [nicolae_blade_entry_antechamber], layout_onion_city

Skill      XL: |  1  2  3  4  5  6  7  8  9 10 11 12 13 14 15 16 17 |
---------------+----------------------------------------------------+-----
Armour         | 11 12 13 14 15 | 15.5
Invocations    | 1 2 3 4 5 6 7 8 10 11 12 13 | 13.0
Short Blades   | 1 2 3 5 6 7 8 9 10 11 12 | 12.0
Long Blades    | 1 2 3 5 6 7 8 9 10 11 12 | 12.0
Axes           | 1 2 3 5 6 7 8 9 10 11 12 | 12.0
Maces & Flails | 1 2 3 5 6 7 8 9 10 11 12 | 12.0
Polearms       | 1 2 3 5 6 7 8 9 10 11 12 | 12.0
Ranged Weapons | 1 2 3 5 6 7 8 9 10 11 12 | 12.0
Throwing       | 1 2 3 5 6 7 8 9 10 11 12 | 12.0
Stealth        | 1 2 3 5 6 7 8 9 10 11 12 | 12.0
Shields        | 1 2 3 5 6 7 8 9 10 11 12 | 12.0
Unarmed Combat | 1 2 3 5 6 7 8 9 10 11 12 | 12.0
Spellcasting   | 1 2 3 5 6 7 8 9 10 11 12 | 12.0
Evocations     | 1 2 3 5 6 7 8 9 10 11 12 | 12.0
Conjurations   | 1 2 3 4 5 6 7 8 9 10 | 10.1
Hexes          | 1 2 3 4 5 6 7 8 9 10 | 10.1
Summonings     | 1 2 3 4 5 6 7 8 9 10 | 10.1
Necromancy     | 1 2 3 4 5 6 7 8 9 10 | 10.1
Translocations | 1 2 3 4 5 6 7 8 9 10 | 10.1
Transmutations | 1 2 3 4 5 6 7 8 9 10 | 10.1
Fire Magic     | 1 2 3 4 5 6 7 8 9 10 | 10.1
Ice Magic      | 1 2 3 4 5 6 7 8 9 10 | 10.1
Air Magic      | 1 2 3 4 5 6 7 8 9 10 | 10.1
Earth Magic    | 1 2 3 4 5 6 7 8 9 10 | 10.1
Poison Magic   | 1 2 3 4 5 6 7 8 9 10 | 10.1
Fighting       | 3 4 5 6 7 8 9 10 11 12 | 12.3
Dodging        | 3 4 5 6 7 8 9 10 11 12 | 12.3
Staves         | 7 8 9 10 11 12 13 | 13.5

Action                     |  1- 3 |  4- 6 |  7- 9 | 10-12 | 13-15 | 16-18 || total
---------------------------+-------+-------+-------+-------+-------+-------++-------
  Melee: Quarterstaff      |    85 |   112 |   398 |   988 |       |       ||  1583
         Bite              |     8 |    15 |    46 |   157 |   263 |   118 ||   607
         Dire flail        |       |       |       |    16 |   206 |       ||   222
         Trident           |       |       |       |       |  1399 |     4 ||  1403
         Demon trident     |       |       |       |       |       |   736 ||   736
   Cast: Mephitic Cloud    |       |       |       |    38 |   123 |    86 ||   247
         Stone Arrow       |       |       |       |       |    42 |    33 ||    75
         Dazzling Flash    |       |       |       |       |    11 |     1 ||    12
         Poisonous Vapours |       |       |       |       |     5 |     1 ||     6
         Blink             |       |       |       |       |     1 |       ||     1
         Lee's Rapid Decon |       |       |       |       |       |     4 ||     4
         Fireball          |       |       |       |       |       |     3 ||     3
  Evoke: Wand              |       |       |    13 |     7 |     4 |     1 ||    25
    Use: Scroll            |       |       |    12 |    13 |     9 |     6 ||    40
         Potion            |       |       |     7 |     5 |     3 |    13 ||    28
   Stab: Paralysed         |       |       |    14 |    14 |     4 |       ||    32
         Confused          |       |       |       |    25 |   135 |    57 ||   217
         Distracted        |       |       |       |     1 |       |       ||     1
         Invisible         |       |       |       |       |     5 |     2 ||     7
 Armour: Scale mail        |    49 |       |       |       |       |       ||    49
         Plate armour      |       |    87 |   238 |   632 |   779 |   415 ||  2151
  Dodge: Dodged            |    53 |    26 |   129 |   475 |   607 |   285 ||  1575
  Block: Buckler           |       |       |       |       |   540 |   283 ||   823
